 Dungeon Crawl Stone Soup version 0.18.1-1-g2f07953 (webtiles) character file.

5412 shmeve the Blocker (level 10, -2/90 HPs)
             Began as a Minotaur Berserker on May 7, 2016.
             Was a Priest of Trog.
             Succumbed to an orc wizard's poison
             ... on level 9 of the Dungeon.
             The game lasted 00:21:52 (6645 turns).

shmeve the Blocker (Minotaur Berserker)             Turns: 6645, Time: 00:21:52

Health: -2/90      AC: 17    Str: 24    XL:     10   Next: 40%
Magic:  9/9        EV:  9    Int:  5    God:    Trog [***...]
Gold:   500        SH:  8    Dex: 10    Spells: 0 memorised, 9 levels left

rFire  . . .     SeeInvis .     L - +0 hand axe (flame)
rCold  . . .     Gourm    .     K - +0 plate armour
rNeg   . . .     Faith    .     y - +2 buckler
rPois  .         Spirit   .     (helmet restricted)
rElec  .         Dismiss  .     o - +0 cloak
rCorr  .         Reflect  .     r - +0 pair of gloves
SustAt .         Harm     .     (no boots)
MR     ++...                    (no amulet)
Stlth  ..........               (no ring)
                                j - +2 ring of protection

@: lethally poisoned (-2 -> -13), exhausted, regenerating, slowed, very slow,
very resistant to hostile enchantments, extremely unstealthy
A: retaliatory headbutt, horns 2
a: Berserk, Trog's Hand, Burn Spellbooks, Renounce Religion


You were on level 9 of the Dungeon.
You worshipped Trog.
Trog was most pleased with you.
You were near starving.

You visited 1 branch of the dungeon, and saw 9 of its levels.

You collected 500 gold pieces.

Inventory:

Hand Weapons
 L - a +0 hand axe of flaming (weapon)
Missiles
 F - 2 tomahawks of returning (quivered)
Armour
 o - a +0 cloak (worn)
 r - a +0 pair of gloves (worn)
 y - a +2 buckler (worn)
 K - a +0 plate armour (worn)
Jewellery
 j - a +2 ring of protection (left hand)
Scrolls
 b - 2 scrolls of amnesia {unknown}
 d - a scroll of enchant armour {unknown}
 e - 9 scrolls of remove curse {unknown}
 g - 15 scrolls of identify {unknown}
 h - a scroll of magic mapping {unknown}
 m - a scroll of enchant weapon {unknown}
 q - 3 scrolls of teleportation {unknown}
 u - a scroll of recharging {unknown}
 w - a scroll of noise {unknown}
 z - 4 scrolls of random uselessness {unknown}
Potions
 i - 3 potions of brilliance {unknown}
 k - a potion of haste {unknown}
 l - 4 potions of curing {unknown}
 p - a potion of degeneration {unknown}
 s - a potion of invisibility {unknown}
 t - 2 potions of heal wounds {unknown}
 v - a potion of mutation {unknown}
 x - 2 potions of lignification {unknown}
 A - 2 potions of ambrosia {unknown}
 C - 3 potions of cure mutation {unknown}
 D - a potion of might {unknown}
 G - a potion of flight {unknown}
 H - a potion of magic {unknown}
 I - a potion of agility {unknown}
Comestibles
 a - a chunk of flesh
 c - 5 bread rations
 f - 4 meat rations
 n - 4 beef jerkies
 E - a slice of pizza


   Skills:
 * Level 8.8 Fighting
 * Level 9.3 Axes
 + Level 5.1 Throwing
 + Level 5.9 Armour
 + Level 5.7 Dodging
 * Level 10.1 Shields


You had 9 spell levels left.
You didn't know any spells.

Dungeon Overview and Level Annotations

Branches:
Dungeon (9/15)             Temple (0/1) D:4
   Lair: D:8-11         Orc: D:9-12

Altars:
Cheibriados
Kikubaaqudgha
Pakellas


Innate Abilities, Weirdness & Mutations

You reflexively headbutt those who attack you in melee.
You have a pair of horns on your head.


Message History

Trog accepts your kill.
You slash the ogre! You burn the ogre.
The ogre is heavily wounded.
Your skin stops crawling.
You feel less resistant to hostile enchantments.
* * * LOW HITPOINT WARNING * * *
You feel very sick. The ogre hits you with a giant club!
* * * LOW HITPOINT WARNING * * *
You hit the ogre. You burn the ogre. You headbutt the ogre!
You kill the ogre!
Trog accepts your kill.
* * * LOW HITPOINT WARNING * * *
You feel very sick.
Unknown command.
Your skin crawls.
You feel resistant to hostile enchantments.
You feel slightly more hungry.
You can no longer call in reinforcements.
You die...

.........##
..........# ...#
..........# ....
..........# .....
.........## .....
...##.....######
.....#
.########......#
#..)..# ##
######(###.†.....
#..@O)†.....
#####)......
o...... .......
###...# ##.# #


You could see a friendly ogre (berserk).

Vanquished Creatures
  A two-headed ogre (D:8)
  Grinder (D:3)
  Sigmund (D:5)
  3 yaks (D:9)
  A hippogriff (D:7)
  Eustachio (D:6)
  A water moccasin (D:7)
  Duvessa (D:6)
  2 orc warriors
  6 ice beasts
  A phantom (D:7)
  4 sky beasts
  5 ogres
  3 centaurs
  A big kobold (D:7)
  2 giant frogs
  A wyvern zombie (D:6)
  A water moccasin zombie (D:8)
  A wyvern skeleton (D:8)
  3 scorpions
  Dowan (D:6)
  3 killer bees (D:9)
  A howler monkey (D:8)
  3 jellies
  2 crimson imps
  A centaur zombie (D:6)
  A giant frog zombie (D:5)
  2 hounds
  2 quasits
  A centaur skeleton (D:6)
  4 orc priests
  3 giant frog skeletons
  Jessica (D:2)
  3 iguanas
  Ijyb (D:2)
  5 orc wizards
  5 worker ants
  A hound skeleton (D:7)
  4 gnolls (D:4)
  9 adders
  2 shadow imps (D:5)
  3 adder skeletons
  3 worms
  2 dart slugs
  4 giant geckos
  15 orcs
  7 bats
  4 giant cockroaches
  4 goblins
  9 hobgoblins
  6 jackals (D:2)
  15 kobolds
  7 quokkas
  3 ball pythons
  A giant cockroach zombie (D:8)
  A giant gecko skeleton (D:6)
  A giant gecko zombie (D:7)
  2 giant newts
  A jackal skeleton (D:6)
  9 rats
  A fungus (D:6)
193 creatures vanquished.

Vanquished Creatures (collateral kills)
  2 yaks (D:9)
  An orc priest (D:9)
  An orc (D:9)
4 creatures vanquished.

Vanquished Creatures (others)
  A rakshasa (D:7)
  2 fungi (D:6)
3 creatures vanquished.

Grand Total: 200 creatures vanquished

Notes
Turn   | Place    | Note
--------------------------------------------------------------
     0 | D:1      | shmeve the Minotaur Berserker began the quest for the Orb.
     0 | D:1      | Reached XP level 1. HP: 19/19 MP: 0/0
   196 | D:1      | Reached XP level 2. HP: 27/27 MP: 1/1
   521 | D:1      | Reached skill level 1 in Throwing
   674 | D:1      | Reached ** piety under Trog
   836 | D:2      | Reached XP level 3. HP: 28/33 MP: 2/2
  1102 | D:2      | Noticed Jessica
  1107 | D:2      | Killed Jessica
  1107 | D:2      | Reached XP level 4. HP: 33/41 MP: 3/3
  1247 | D:2      | Noticed Ijyb
  1251 | D:2      | Killed Ijyb
  1804 | D:3      | Noticed Grinder
  1815 | D:3      | Killed Grinder
  1815 | D:3      | Reached skill level 5 in Fighting
  1815 | D:3      | Reached skill level 5 in Axes
  1815 | D:3      | Reached XP level 5. HP: 29/48 MP: 4/4
  1815 | D:3      | Reached XP level 6. HP: 34/56 MP: 5/5
  2098 | D:3      | Reached *** piety under Trog
  2708 | D:4      | Found an ancient bone altar of Kikubaaqudgha.
  2774 | D:4      | Reached skill level 1 in Shields
  2994 | D:4      | Found a snail-covered altar of Cheibriados.
  3001 | D:4      | Found a staircase to the Ecumenical Temple.
  3038 | D:4      | Reached skill level 2 in Shields
  3038 | D:4      | Reached XP level 7. HP: 62/62 MP: 6/6
  3039 | D:4      | Reached skill level 3 in Shields
  3230 | D:4      | Reached skill level 4 in Shields
  3261 | D:5      | Entered Level 5 of the Dungeon
  3269 | D:5      | Reached skill level 5 in Shields
  3382 | D:5      | Reached **** piety under Trog
  3382 | D:5      | Reached skill level 6 in Shields
  3448 | D:5      | Reached skill level 7 in Shields
  3448 | D:5      | Reached XP level 8. HP: 61/70 MP: 7/7
  3844 | D:5      | Noticed Sigmund
  3852 | D:5      | Killed Sigmund
  3998 | D:6      | Noticed Dowan
  4002 | D:6      | Noticed Duvessa
  4017 | D:6      | Killed Dowan
  4018 | D:6      | Killed Duvessa
  4259 | D:6      | Got a smoking hand crossbow
  4260 | D:6      | Identified the +4 hand crossbow of Tisu {flame, *Corrode rF+ rC++ Int+4 Dex+3} (You found it on level 6 of the Dungeon)
  4305 | D:6      | Reached skill level 8 in Shields
  4377 | D:6      | Reached XP level 9. HP: 71/78 MP: 8/8
  4453 | D:6      | Received a gift from Trog
  4830 | D:6      | Noticed Eustachio
  4868 | D:6      | Killed Eustachio
  4972 | D:7      | Reached skill level 5 in Armour
  5167 | D:7      | Reached skill level 9 in Shields
  5361 | D:7      | Found an oddly glowing altar of Pakellas.
  5361 | D:7      | Noticed a rakshasa
  5385 | D:7      | Killed a rakshasa
  5387 | D:7      | Reached skill level 5 in Dodging
  5693 | D:7      | Received a gift from Trog
  5900 | D:8      | Reached XP level 10. HP: 88/88 MP: 9/9
  6348 | D:8      | Received a gift from Trog
  6623 | D:9      | Reached skill level 5 in Throwing
  6637 | D:9      | Reached skill level 10 in Shields
  6644 | D:9      | HP: 1/90 [poisoned by an orc wizard]
  6645 | D:9      | Succumbed to an orc wizard's poison

Skill      XL: |  1  2  3  4  5  6  7  8  9 10 |
---------------+-------------------------------+-----
Fighting       | 4 5 6 8 |  8.8
Axes           | 4 5 7 8 9 |  9.3
Throwing       | 1 2 3 4 5 |  5.1
Dodging        | 3 4 5 |  5.7
Armour         | 3 4 5 |  5.9
Shields        | 2 7 8 9 10 | 10.1

Action                   |  1- 3 |  4- 6 |  7- 9 | 10-12 || total
-------------------------+-------+-------+-------+-------++-------
Melee: Hand axe          |    59 |   110 |   340 |    67 ||   576
       Headbutt          |     9 |    20 |    84 |    19 ||   132
Throw: Tomahawk          |       |       |     8 |     5 ||    13
Invok: Berserk           |       |     3 |     3 |     2 ||     8
       Trog's Hand       |       |       |     4 |     3 ||     7
       Brothers in Arms  |       |       |       |     1 ||     1
  Eat: Chunk             |       |     8 |    10 |     3 ||    21
       Meat ration       |       |       |     1 |       ||     1
Armor: Animal skin       |     3 |    20 |       |       ||    23
       Scale mail        |       |    28 |    59 |       ||    87
       Chain mail        |       |       |    99 |     3 ||   102
       Plate armour      |       |       |       |    42 ||    42
Dodge: Dodged            |    57 |    83 |   140 |    19 ||   299
Block: Buckler           |       |       |    99 |    21 ||   120
